 Dungeon Crawl Stone Soup version 0.31-a0-236-g9a0961fb85 (webtiles) character file.

Game seed: 16106184194718581981

46 ragingrage the Vexing (level 3, -2/28 HPs)
             Began as a Gnoll Hexslinger on July 8, 2023.
             Slain by an adder (3 damage)
             ... on level 2 of the Dungeon on July 10, 2023.
             The game lasted 00:01:44 (740 turns).

ragingrage the Vexing (Gnoll Hexslinger)             Turns: 740, Time: 00:01:44

Health: -2/28      AC:  2    Str:  7    XL:     3   Next: 66%
Magic:  7/7        EV: 14    Int: 12    God:
Gold:   80         SH:  0    Dex: 16    Spells: 6/7 levels left

rFire   . . .        h - +0 dagger
rCold   . . .        (no shield)
rNeg    . . .        c - +0 robe
rPois   .            (no helmet)
rElec   .            (no cloak)
rCorr   .            (no gloves)
SInv    .            (no boots)
Will    .....        (no amulet)
Stlth   ++           (no ring)
HPRegen 0.24/turn    (no ring)
MPRegen 0.10/turn

%: no passive effects
@: lethally poisoned (-2 -> -8), invisible
A: fangs 1, strong nose, distributed training
a: no special abilities


You were on level 2 of the Dungeon.
You visited 1 branch of the dungeon, and saw 5 of its levels.

You collected 80 gold pieces.

Inventory:

Hand Weapons
 a - a +1 sling
 b - a +0 long sword
 h - a +0 dagger (weapon)
Missiles
 g - 6 poisoned darts
Armour
 c - a +0 robe (worn)
 e - a +0 helmet
Magical Staves
 j - a staff of poison
Jewellery
 m - a ring of ice
Scrolls
 d - a scroll of identify
 f - a scroll of poison
Potions
 i - a potion of ambrosia {unknown}
 l - a potion of attraction {unknown}


   Skills:
 + Level 2.6 Fighting
 + Level 1.0 Short Blades
 + Level 1.0 Long Blades
 + Level 1.0 Axes
 + Level 1.0 Maces & Flails
 + Level 1.0 Polearms
 + Level 1.0 Staves
 + Level 4.6 Ranged Weapons
 + Level 1.0 Throwing
 + Level 1.0 Armour
 + Level 4.6 Dodging
 + Level 1.0 Stealth
 + Level 1.0 Shields
 + Level 1.0 Unarmed Combat
 + Level 2.9 Spellcasting
 + Level 0.7 Conjurations
 + Level 5.4 Hexes
 + Level 0.7 Summonings
 + Level 0.7 Necromancy
 + Level 0.7 Translocations
 + Level 0.7 Transmutations
 + Level 0.7 Fire Magic
 + Level 0.7 Ice Magic
 + Level 0.7 Air Magic
 + Level 0.7 Earth Magic
 + Level 0.7 Poison Magic
 + Level 1.0 Invocations
 + Level 1.0 Evocations


You had 6 spell levels left.
You knew the following spells:

 Your Spells              Type           Power      Damage    Failure   Level
a - Slow                  Hex            56%        N/A       2%          1

Your spell library contained the following spells:

 Spells                   Type           Power      Damage    Failure   Level
 Inner Flame              Hex/Fire       9%         N/A       22%         3
 Portal Projectile        Hex/Tloc       18%        N/A       22%         3
 Cause Fear               Hex            7%         N/A       26%         4


Dungeon Overview and Level Annotations

Branches:
Dungeon (5/15)
 Temple: D:4-7

Altars:

Annotations:
D:5 Dowan, Duvessa


Innate Abilities, Weirdness & Mutations

You have very sharp teeth.
Your uncanny sense of smell can sniff out nearby items.
Your experience applies equally to all skills.


Message History

Fire: a) +1 sling
Press: ? - help, Q - select action, (/) - cycle Shift-Dir - straight line, f/p - adder
Aim: an adder (lightly wounded, unable to see you, 44% to hit)
You shoot a sling bullet.
The sling bullet closely misses the adder.
The adder bites you.
* * * LOW HITPOINT WARNING * * *
The adder closely misses you.
Fire: a) +1 sling
Press: ? - help, Q - select action, (/) - cycle Shift-Dir - straight line, f/p - adder
Aim: an adder (lightly wounded, unable to see you, 44% to hit)
You shoot a sling bullet.
The sling bullet barely misses the adder.
The adder barely misses you.
Fire: a) +1 sling
Press: ? - help, Q - select action, (/) - cycle Shift-Dir - straight line, f/p - adder
Aim: an adder (lightly wounded, unable to see you, 44% to hit)
You shoot a sling bullet.
The sling bullet barely misses the adder.
The adder barely misses you. The adder completely misses you.
Okay, then.
h - a +0 dagger (weapon)
The adder misses you.
You hit the adder. The adder misses you.
You hit the adder but do no damage. Your bite misses the adder.
The adder completely misses you.
You hit the adder but do no damage. The adder closely misses you.
You catch the helpless adder completely off-guard!
You hit the adder. The adder bites you.
* * * LOW HITPOINT WARNING * * *
You are poisoned.
The adder poisons you!
You barely miss the adder.
You feel sick. The adder bites you.
* * * LOW HITPOINT WARNING * * *
You are more poisoned.
The adder poisons you! The adder closely misses you.
You hit the adder but do no damage.
* * * LOW HITPOINT WARNING * * *
You feel sick. The adder bites you.
You die...

...)...
....... .
....... ..
#.....#####..#
#............
#..!......#
+.........#..
#....@.......
#...S........
#............
##.......#...
#.......# ..
........# .
....#+####
.....


You could see an adder (unable to see you).

Vanquished Creatures
  2 dart slugs (D:1)
  3 ball pythons (D:1)
  3 bats (D:1)
  5 endoplasms (D:1)
  3 goblins (D:1)
  A hobgoblin (D:1)
  4 jackals (D:4)
  5 kobolds (D:1)
  3 quokkas (D:1)
  2 frilled lizards (D:1)
  3 rats
34 creatures vanquished.

Vanquished Creatures (collateral kills)
  An endoplasm (D:4)
1 creature vanquished.

Grand Total: 35 creatures vanquished

Notes
Turn   | Place    | Note
-------+----------+-------------------------------------------
     0 | D:1      | ragingrage the Gnoll Hexslinger began the quest for the
                  | Orb.
     0 | D:1      | Reached XP level 1. HP: 17/17 MP: 4/4
   155 | D:1      | Reached XP level 2. HP: 23/23 MP: 5/5
   317 | D:1      | Upgraded the game from 0.31-a0-233-g139696dc86 to
                  | 0.31-a0-236-g9a0961fb85
   321 | D:1      | Reached XP level 3. HP: 20/28 MP: 7/7
   454 | D:1      | Reached skill level 1 in Invocations
   582 | D:2      | You fall into a shaft and drop 2 floors!
   645 | D:4      | Noticed an ice beast
   692 | D:5      | Entered Level 5 of the Dungeon
   692 | D:5      | Noticed Duvessa
   693 | D:5      | Noticed Dowan
   701 | D:4      | Reached skill level 1 in Short Blades
   701 | D:4      | Reached skill level 1 in Long Blades
   701 | D:4      | Reached skill level 1 in Axes
   701 | D:4      | Reached skill level 1 in Maces & Flails
   701 | D:4      | Reached skill level 1 in Polearms
   701 | D:4      | Reached skill level 1 in Staves
   701 | D:4      | Reached skill level 1 in Throwing
   701 | D:4      | Reached skill level 1 in Armour
   701 | D:4      | Reached skill level 1 in Stealth
   701 | D:4      | Reached skill level 1 in Shields
   701 | D:4      | Reached skill level 1 in Unarmed Combat
   701 | D:4      | Reached skill level 1 in Evocations
   701 | D:4      | HP: 1/28 [iguana (6)]
   710 | D:4      | Noticed a scorpion
   740 | D:2      | HP: 1/28 [poisoned by an adder]
   740 | D:2      | Slain by an adder

Illustrated notes

Levels and vault maps discovered:
D:1:      lemuel_arrival_muddy, layout_rooms, hex_tiny
D:2:      layout_basic, basic_altar
D:3:      layout_basic, nicolae_qazlal_beasts_of_the_sky,
          chequers_ecumenical_altar_simple, minmay_crystal_room,
          wander_ebering_terrifying_dragon_lair, uniq_pargi
D:4:      layout_rooms, uniq_menkaure
D:5:      layout_rooms, uniq_duvessa

Skill      XL: |  1  2  3 |
---------------+----------+-----
Invocations    | 1 |  1.0
Short Blades   | 1 |  1.0
Long Blades    | 1 |  1.0
Axes           | 1 |  1.0
Maces & Flails | 1 |  1.0
Polearms       | 1 |  1.0
Staves         | 1 |  1.0
Throwing       | 1 |  1.0
Armour         | 1 |  1.0
Stealth        | 1 |  1.0
Shields        | 1 |  1.0
Unarmed Combat | 1 |  1.0
Evocations     | 1 |  1.0
Fighting       | |  2.6
Ranged Weapons | |  4.6
Dodging        | |  4.6
Spellcasting   | |  2.9
Conjurations   | |  0.7
Hexes          | |  5.4
Summonings     | |  0.7
Necromancy     | |  0.7
Translocations | |  0.7
Transmutations | |  0.7
Fire Magic     | |  0.7
Ice Magic      | |  0.7
Air Magic      | |  0.7
Earth Magic    | |  0.7
Poison Magic   | |  0.7

Action                     || total
---------------------------++-------
  Melee: Dagger            ||    24
         Bite              ||     1
   Fire: Sling             ||   105
   Cast: Slow              ||     2
    Use: Scroll            ||     2
         Potion            ||     1
   Stab: Invisible         ||     1
 Armour: Robe              ||    15
  Dodge: Dodged            ||    74

Table legend: (Time is in decaauts)
 A = Elapsed time spent in this place.
 B = Non-inter-level travel time spent in this place.
 C = Inter-level travel time spent in this place.
 D = Time resting spent in this place.
 E = Time spent auto-exploring this place.
 F = Levels seen in this place.
 G = Mean time per level.
                   A        B        C        D        E       F      G
               +--------+--------+--------+--------+--------+-----+--------+
         Total |    756 |    734 |     22 |     86 |    353 |   5 |  151.2 |
       Dungeon |    756 |    734 |     22 |     86 |    353 |   5 |  151.2 |
               +--------+--------+--------+--------+--------+-----+--------+

Top non-repeatable levels by time:
     D:1: 592 daAuts
     D:4: 131 daAuts
     D:2: 15 daAuts
     D:3: 15 daAuts
     D:5: 1 daAuts
